 Dungeon Crawl Stone Soup version 0.24.0-13-gcf9b319 (webtiles) character file.

Game seed: 13320128579015907206, levelgen mode: deterministic

214 ClockworkOrrery the Shield-Bearer (level 5, -5/47 HPs)
             Began as a Gnoll Fighter on Feb 2, 2020.
             Slain by balavaeros's ghost (10 damage)
             ... on level 4 of the Dungeon.
             The game lasted 00:08:06 (2772 turns).

ClockworkOrrery the Shield-Bearer (Gnoll Fighter)   Turns: 2772, Time: 00:08:07

Health: -5/47      AC: 11    Str: 19    XL:     5   Next: 91%
Magic:  7/7        EV:  6    Int: 10    God:
Gold:   151        SH: 12    Dex: 15    Spells: 7/7 levels left

rFire    . . .     SeeInvis .   u - +1 mace (crush)
rCold    . . .     Gourm    .   c - +1 shield
rNeg     + . .     Faith    .   k - +0 chain mail
rPois    .         Spirit   .   (no helmet)
rElec    .         Reflect  .   g - +0 cloak
rCorr    .         Harm     .   (no gloves)
MR       .....                  (no boots)
Stlth    ..........             (no amulet)
HPRegen  0.15/turn              n - ring of positive energy
MPRegen  0.10/turn              (no ring)

@: no status effects
A: distributed training, fangs 1, strong nose
a: no special abilities


You were on level 4 of the Dungeon.
You were not hungry.

You visited 1 branch of the dungeon, and saw 4 of its levels.

You collected 151 gold pieces.

Inventory:

Hand Weapons
 h - a +2 dagger of venom
 j - a +1 short sword of venom
 o - a +1 short sword of speed
 u - a +1 mace of crushing (weapon)
Armour
 c - a +1 shield (worn)
 g - a +0 cloak (worn)
 k - a +0 chain mail (worn)
Jewellery
 n - a ring of positive energy (left hand)
Scrolls
 b - 2 scrolls of teleportation
 m - a scroll of blinking
 q - a scroll of fog
 r - a scroll of identify
 s - 5 scrolls of amnesia
Potions
 a - a potion of agility {unknown}
 d - 3 potions of might
 e - a potion of flight {unknown}
 i - a potion of curing {unknown}
 l - 2 potions of invisibility {unknown}
 t - a potion of brilliance {unknown}
Comestibles
 f - 9 rations
 p - 6 chunks of flesh


   Skills:
 + Level 6.7 Fighting
 + Level 1.6 Short Blades
 + Level 1.6 Long Blades
 + Level 1.6 Axes
 + Level 4.8 Maces & Flails
 + Level 1.6 Polearms
 + Level 1.6 Staves
 + Level 1.6 Slings
 + Level 1.6 Bows
 + Level 1.6 Crossbows
 + Level 1.6 Throwing
 + Level 6.7 Armour
 + Level 1.6 Dodging
 + Level 1.6 Stealth
 + Level 6.7 Shields
 + Level 1.6 Unarmed Combat
 + Level 1.6 Spellcasting
 + Level 1.3 Conjurations
 + Level 1.3 Hexes
 + Level 1.3 Charms
 + Level 1.3 Summonings
 + Level 1.3 Necromancy
 + Level 1.3 Translocations
 + Level 1.3 Transmutations
 + Level 1.3 Fire Magic
 + Level 1.3 Ice Magic
 + Level 1.3 Air Magic
 + Level 1.3 Earth Magic
 + Level 1.3 Poison Magic
 + Level 1.8 Invocations
 + Level 1.6 Evocations


You had 7 spell levels left.
You didn't know any spells.
Your spell library was empty.

Dungeon Overview and Level Annotations

Branches:
Dungeon (4/15)
 Temple: D:4-7

Altars:
Hepliaklqana

Shops:
D:4 :

Annotations:
D:4 balavaeros's ghost, amateur TrBe


Innate Abilities, Weirdness & Mutations

Your experience applies equally to all skills.
You have very sharp teeth.
Your uncanny sense of smell can sniff out nearby items.


Message History

Balavaeros's ghost is lightly damaged.
Balavaeros's ghost keens inconsolably.
Balavaeros's ghost hits you!
* * * LOW HITPOINT WARNING * * *
You hit balavaeros's ghost but do no damage.
Balavaeros's ghost is lightly damaged.
You block balavaeros's ghost's attack.
You hit balavaeros's ghost.
Balavaeros's ghost is moderately damaged.
You block balavaeros's ghost's attack.
Your shield and chain mail prevent you from hitting balavaeros's ghost.
Balavaeros's ghost is moderately damaged.
Balavaeros's ghost barely misses you. You block balavaeros's ghost's attack.
You closely miss balavaeros's ghost. Your bite misses balavaeros's ghost.
Balavaeros's ghost is moderately damaged.
You block balavaeros's ghost's attack.
You hit balavaeros's ghost but do no damage.
Balavaeros's ghost is moderately damaged.
Balavaeros's ghost hits you!
You die...

.### #. #....
∆#####.# ...#
#P8P#.. ##..#
#.$.#..####..#
##W###..##..#
#.@.##..##..# .
#..####.....### #.
#...##..>#....###..
##....#..####......#
#.......## ###[..##
#....###..# ##....#
....## ##.# ##...#..
..## #[.# ##..### .
.. ##...##...#


You could see balavaeros's ghost.

Vanquished Creatures
  A jelly (D:3)
  A worker ant (D:4)
  5 adders
  An ooze (D:2)
  5 worms
  5 dart slugs
  2 leopard geckos
  3 orcs
  7 bats
  3 giant cockroaches
  3 goblins
  10 hobgoblins
  6 jackals
  11 kobolds
  2 quokkas (D:3)
  A ball python (D:2)
  10 frilled lizards
  12 rats
88 creatures vanquished.

Notes
Turn   | Place    | Note
-------+----------+-------------------------------------------
     0 | D:1      | ClockworkOrrery the Gnoll Fighter began the quest for the
                  | Orb.
     0 | D:1      | Reached XP level 1. HP: 23/23 MP: 1/1
   170 | D:1      | Reached XP level 2. HP: 29/29 MP: 2/2
   501 | D:1      | Reached XP level 3. HP: 35/35 MP: 3/3
   886 | D:2      | Reached skill level 1 in Invocations
  1032 | D:2      | Reached skill level 1 in Short Blades
  1032 | D:2      | Reached skill level 1 in Long Blades
  1032 | D:2      | Reached skill level 1 in Axes
  1032 | D:2      | Reached skill level 1 in Polearms
  1032 | D:2      | Reached skill level 1 in Staves
  1032 | D:2      | Reached skill level 1 in Slings
  1032 | D:2      | Reached skill level 1 in Bows
  1032 | D:2      | Reached skill level 1 in Crossbows
  1032 | D:2      | Reached skill level 1 in Throwing
  1032 | D:2      | Reached skill level 1 in Dodging
  1032 | D:2      | Reached skill level 1 in Stealth
  1032 | D:2      | Reached skill level 1 in Unarmed Combat
  1032 | D:2      | Reached skill level 1 in Spellcasting
  1032 | D:2      | Reached skill level 1 in Evocations
  1034 | D:2      | Reached XP level 4. HP: 28/41 MP: 5/5
  1514 | D:2      | Reached skill level 1 in Conjurations
  1514 | D:2      | Reached skill level 1 in Hexes
  1514 | D:2      | Reached skill level 1 in Charms
  1514 | D:2      | Reached skill level 1 in Summonings
  1514 | D:2      | Reached skill level 1 in Necromancy
  1514 | D:2      | Reached skill level 1 in Translocations
  1514 | D:2      | Reached skill level 1 in Transmutations
  1514 | D:2      | Reached skill level 1 in Fire Magic
  1514 | D:2      | Reached skill level 1 in Ice Magic
  1514 | D:2      | Reached skill level 1 in Air Magic
  1514 | D:2      | Reached skill level 1 in Earth Magic
  1514 | D:2      | Reached skill level 1 in Poison Magic
  1874 | D:3      | Reached XP level 5. HP: 47/47 MP: 6/6
  2007 | D:3      | Found a hazy altar of Hepliaklqana.
  2685 | D:4      | Found Busk's Book Emporium.
  2753 | D:4      | Found a runed translucent door.
  2753 | D:4      | Noticed balavaeros's ghost (amateur TrBe)
  2772 | D:4      | Slain by balavaeros's ghost

Levels and vault maps discovered:
D:1:      dpeg_arrival_line_fractal, layout_basic, hangedman_glass_garden
D:2:      layout_loops_cross, first_ration
D:3:      layout_loops_cross, nicolae_overflow_crystal_walls,
          grunt_ministairs_13
D:4:      layout_layer_cave, serial_shops, shop, gammafunk_ghost_grave,
          enter_ossuary_3, st_stairs_1, minmay_misc_feat_square

Skill      XL: |  1  2  3  4 |
---------------+-------------+-----
Invocations    | 1 |  1.8
Short Blades   | 1 |  1.6
Long Blades    | 1 |  1.6
Axes           | 1 |  1.6
Polearms       | 1 |  1.6
Staves         | 1 |  1.6
Slings         | 1 |  1.6
Bows           | 1 |  1.6
Crossbows      | 1 |  1.6
Throwing       | 1 |  1.6
Dodging        | 1 |  1.6
Stealth        | 1 |  1.6
Unarmed Combat | 1 |  1.6
Spellcasting   | 1 |  1.6
Evocations     | 1 |  1.6
Conjurations   | 1 |  1.3
Hexes          | 1 |  1.3
Charms         | 1 |  1.3
Summonings     | 1 |  1.3
Necromancy     | 1 |  1.3
Translocations | 1 |  1.3
Transmutations | 1 |  1.3
Fire Magic     | 1 |  1.3
Ice Magic      | 1 |  1.3
Air Magic      | 1 |  1.3
Earth Magic    | 1 |  1.3
Poison Magic   | 1 |  1.3
Fighting       | |  6.7
Maces & Flails | |  4.8
Armour         | |  6.7
Shields        | |  6.7

Action                   |  1- 3 |  4- 6 || total
-------------------------+-------+-------++-------
Melee: Flail             |    55 |       ||    55
       Bite              |     8 |    20 ||    28
       Short sword       |    57 |    40 ||    97
       Dagger            |       |    52 ||    52
       Mace              |       |    35 ||    35
  Use: Scroll            |       |     8 ||     8
  Eat: Chunk             |     1 |     5 ||     6
Armor: Scale mail        |    43 |       ||    43
       Chain mail        |    16 |    28 ||    44
Dodge: Dodged            |    29 |    21 ||    50
Block: Shield            |    71 |    66 ||   137
